AoeStats
← 念

MegaRandom

509058625Analyzed
4v4 RM · 8d ago on Sep 25, 2026· 32m 55s· 8 players
Game mode
Random Map
Map size
Large (8 player)
Population
200
Speed
Normal
Resources
Standard
Victory
Conquest
Starting age
Dark Age
Ending age
Imperial Age
RankedLock teamsTeams togetherTeam positionsShared explorationLock speedFull tech treeHidden civsTurbo modeCheats
Victory
Defeat
🇬🇧 Portuguese · United Kingdom
1296
+13
🇩🇪 Jurchens · Germany
1216
+16
🇮🇳 Varangians · India
1180
+18
🇷🇴 Danes · Romania
1135
+18
🇩🇪 Huns · Germany
1238
-17
🇨🇳 Jurchens · China
1216
-16
🇨🇳 Celts · China
1209
-16
1203
-16
ሰላምنعمة˙ʞɐɥʇ
8:05 Loom
10:40 Feudal Age
12:04 Double-Bit Axe
21:52 Horse Collar
27:45 Castle Age
26:43 Stone Mining
26:44 Fletching
29:11 Heavy Plow
29:18 Bodkin Arrow
31:52 Scale Mail Armor
Alex Auditore Mercer
7:09 Loom
9:40 Feudal Age
10:43 Double-Bit Axe
21:03 Castle Age
19:01 Horse Collar
19:29 Scale Barding Armor
21:24 Forging
22:09 Bow Saw
22:48 Wheelbarrow
22:01 Town Watch
22:42 Husbandry
23:06 Chain Barding Armor
30:42 Gold Mining
Ventoux
8:11 Loom
10:22 Feudal Age
12:46 Wheelbarrow
12:31 Scale Barding Armor
12:37 Forging
13:55 Double-Bit Axe
14:34 Horse Collar
14:44 Town Watch
17:24 Bloodlines
22:51 Castle Age
21:48 Gold Mining
21:49 Stone Mining
22:44 Fletching
25:37 Padded Archer Armor
26:04 Bodkin Arrow
27:56 Leather Archer Armor
28:20 Iron Casting
31:00 Ballistics
念
3:13 Loom
11:02 Feudal Age
15:21 Castle Age
14:30 Double-Bit Axe
14:36 Gold Mining
15:11 Horse Collar
25:12 Bow Saw
25:25 Heavy Plow
26:12 Wheelbarrow
27:12 Fervor
28:07 Gold Shaft Mining
27:22 Stone Mining
31:00 Imperial Age
28:53 Hand Cart
28:41 Town Watch
29:24 Scale Mail Armor
29:34 Forging
30:03 Stone Shaft Mining
29:42 Masonry
30:54 Chain Mail Armor
31:43 Iron Casting
31:09 Heavy Scorpion
31:57 Scale Barding Armor
32:56 Chemistry
31:43 Pikeman
32:08 Arson
31:59 Capped Ram
32:06 Capped Ram
BombayGypsy
6:30 Loom
10:57 Feudal Age
12:38 Double-Bit Axe
14:14 Bloodlines
21:09 Castle Age
19:16 Gold Mining
20:08 Scale Barding Armor
20:13 Forging
20:47 Forging
21:49 Wheelbarrow
21:13 Horse Collar
23:12 Chain Barding Armor
31:08 Iron Casting
31:57 Husbandry
33:31 Padded Archer Armor
Isathor
9:05 Loom
13:05 Feudal Age
14:06 Double-Bit Axe
20:42 Castle Age
18:50 Horse Collar
19:02 Gold Mining
19:18 Fletching
19:43 Padded Archer Armor
21:16 Crossbowman
22:00 Bodkin Arrow
22:34 Stone Mining
27:32 Bow Saw
27:58 Wheelbarrow
31:35 Imperial Age
31:24 Ballistics
33:24 Chemistry
31:53 Arbalester
Castor
5:38 Loom
10:38 Feudal Age
12:02 Double-Bit Axe
14:04 Forging
16:29 Scale Barding Armor
22:52 Castle Age
22:18 Bloodlines
24:17 Wheelbarrow
24:40 Bow Saw
26:46 Hand Cart
29:46 Chain Barding Armor
32:07 Husbandry
Telepateu
11:39 Feudal Age
11:08 Loom
12:47 Double-Bit Axe
18:17 Castle Age
16:35 Forging
16:30 Scale Mail Armor
19:18 Wheelbarrow
18:34 Horse Collar
19:50 Bow Saw
20:11 Chain Mail Armor
23:07 Heavy Plow
23:31 Forging
28:52 Hand Cart
31:04 Squires
30:49 Arson
Connection lost

Rejoining the realm…

Still unreachable

The connection could not be restored.

Session expired

The server has moved on; the page needs a fresh start.